 Dungeon Crawl Stone Soup version 0.24.0-28-g17ded55e90 (webtiles) character file.

Game seed: 13731200624823221864, levelgen mode: deterministic

4869 Seraphin the Fighter (level 10, -1/91 HPs)
             Began as a Minotaur Fighter on Nov 12, 2019.
             Was an Elder of Okawaru.
             Slain by an orc knight
             ... wielding a +0 glaive
              (23 damage)
             ... in a bailey.
             The game lasted 00:24:59 (7758 turns).

Seraphin the Fighter (Minotaur Fighter)             Turns: 7758, Time: 00:25:00

Health: -1/91      AC: 17    Str: 24    XL:     10   Next: 26%
Magic:  13/13      EV:  6    Int:  5    God:    Okawaru [****..]
Gold:   353        SH: 11    Dex: 10    Spells: 9/9 levels left

rFire    + . .     SeeInvis .   a - +3 trident
rCold    . . .     Gourm    .   c - +0 shield
rNeg     . . .     Faith    .   o - +0 plate armour
rPois    .         Spirit   .   (helmet restricted)
rElec    .         Reflect  .   v - scarf {repulsion}
rCorr    +         Harm     .   h - +0 pair of gloves
MR       .....                  m - +1 pair of boots
Stlth    ..........             (no amulet)
HPRegen  0.25/turn              f - ring of protection from fire
MPRegen  0.13/turn              g - ring of resist corrosion

@: repel missiles
A: retaliatory headbutt, horns 2
a: Heroism, Renounce Religion


You were in a bailey.
You worshipped Okawaru.
Okawaru was greatly pleased with you.
You were very hungry.

You visited 2 branches of the dungeon, and saw 9 of its levels.
You also visited: Bailey.

You collected 353 gold pieces.

Inventory:

Hand Weapons
 a - a +3 trident (weapon)
Missiles
 x - 6 silver javelins (quivered) {god gift}
Armour
 c - a +0 shield (worn)
 h - a +0 pair of gloves (worn)
 m - a +1 pair of boots (worn)
 o - a +0 plate armour (worn)
 v - a scarf of repulsion (worn)
Jewellery
 f - a ring of protection from fire (left hand)
 g - a ring of resist corrosion (right hand)
Scrolls
 t - 3 scrolls of amnesia
 y - a scroll of enchant weapon
 B - a scroll of fear
 C - a scroll of enchant armour
 T - 2 scrolls of teleportation
 W - 2 scrolls of remove curse
Potions
 d - a potion of curing {unknown}
 e - a potion of brilliance
 i - a potion of invisibility
 j - 4 potions of lignification
 k - 4 potions of heal wounds
 l - 2 potions of flight
 n - a potion of resistance {unknown}
 q - a potion of cancellation {unknown}
 s - a potion of agility
 u - a potion of degeneration {unknown}
 w - a potion of magic {unknown}
 A - a potion of berserk rage {unknown}
 H - a potion of haste
Comestibles
 p - 17 rations


   Skills:
 + Level 9.2 Fighting
 + Level 8.7 Polearms
 + Level 9.1 Armour
 + Level 9.1 Shields
 + Level 5.8 Invocations


You had 9 spell levels left.
You didn't know any spells.
Your spell library was empty.

Dungeon Overview and Level Annotations

Branches:
Dungeon (8/15)             Temple (1/1) D:4            Lair (0/6) D:8
 Bailey (1/1)

Altars:
Dithmenos
Elyvilon
Fedhas
Gozag
Hepliaklqana
Kikubaaqudgha
Makhleb
Nemelex Xobeh
Okawaru
Qazlal
Ru
Sif Muna
Trog
Uskayaw
Vehumet
Wu Jian
Xom
Yredelemnul
Zin
The Shining One
Beogh

Shops:
D:6 ?=*(


Innate Abilities, Weirdness & Mutations

You reflexively headbutt those who attack you in melee.
You have a pair of horns on your head.


Message History

Attack whom?
Press: ? - help, Dir - move target cursor, f - orc warrior, p - orc knight
Aim: an orc warrior, wielding a +0 halberd and wearing a +1 crystal plate armour (unusually strong)
You reach to attack!
You puncture the orc warrior!
The orc warrior is heavily wounded.
The orc warrior hits you from afar with a +0 halberd!!
Attack whom?
Press: ? - help, Dir - move target cursor, f/p - orc warrior
Aim: an orc warrior, wielding a +0 halberd and wearing a +1 crystal plate armour (heavily wounded, unusually strong)
You reach to attack!
You hit the orc warrior but do no damage.
The orc warrior is heavily wounded.
Attack whom?
Press: ? - help, Dir - move target cursor, f/p - orc warrior
Aim: an orc warrior, wielding a +0 halberd and wearing a +1 crystal plate armour (heavily wounded, unusually strong)
You reach to attack!
You barely miss the orc warrior.
The orc warrior is heavily wounded.
You block the orc warrior's attack.
Attack whom?
Press: ? - help, Dir - move target cursor, f/p - orc warrior
Aim: an orc warrior, wielding a +0 halberd and wearing a +1 crystal plate armour (heavily wounded, unusually strong)
You reach to attack!
You puncture the orc warrior!
The orc warrior is almost dead.
The orc warrior hits you from afar with a +0 halberd!
Attack whom?
Press: ? - help, Dir - move target cursor, f/p - orc warrior
Aim: an orc warrior, wielding a +0 halberd and wearing a +1 crystal plate armour (almost dead, unusually strong)
You reach to attack!
You hit the orc warrior but do no damage.
The orc warrior is almost dead.
You block the orc warrior's attack.
Attack whom?
Press: ? - help, Dir - move target cursor, f/p - orc warrior
Aim: an orc warrior, wielding a +0 halberd and wearing a +1 crystal plate armour (almost dead, unusually strong)
You reach to attack!
Your plate armour prevents you from hitting the orc warrior.
The orc warrior is almost dead.
Attack whom?
Press: ? - help, Dir - move target cursor, f/p - orc warrior
Aim: an orc warrior, wielding a +0 halberd and wearing a +1 crystal plate armour (almost dead, unusually strong)
You reach to attack!
You closely miss the orc warrior.
The orc warrior is almost dead.
The orc warrior hits you from afar with a +0 halberd!
The orc warrior barely misses you. You furiously retaliate!
You headbutt the orc warrior, but do no damage.
There is an open door here.
The orc knight hits you from afar with a +3 halberd!!
* * * LOW HITPOINT WARNING * * *
The orc knight hits you from afar with a +0 glaive!!
You die...

##.........## ##..≈≈≈≈≈≈≈..##
##..≈≈.....≈≈..##
######..≈≈).###..≈≈..##########
.......≈≈..## ##..≈≈..........#
≈≈≈≈≈≈≈≈).##.∩.##..≈≈≈≈≈≈≈≈≈≈.#
........)##.....##........).≈.#
#############'###'#########.≈.#
## .......@o# ##.≈.# .##
.≈≈≈§≈≈§..# ##..≈.# ).##
≈≈...oo§≈§.## ##.)≈≈.# ≈..#
§..⌠∩⌠.§§§..#'#..≈≈.∩# ≈..#
≈...⌠...≈≈..#'#..≈≈.## ..##
§§.§((.≈≈..##.##.)≈≈.# .##
§≈§≈§≈≈≈..'#...##..≈.# ##.$$$.#
§§§§... .##.....##.≈.# ########
##########.≈.#


You could see 2 orc knights and an orc warrior.

Vanquished Creatures
  A two-headed ogre (D:8)
  Grinder (D:5)
  A hippogriff (D:8)
  A wyvern (D:8)
  A hungry ghost (D:7)
  The ghost of Setanta the Skirmisher, an amateur GrFi (D:3)
  Menkaure (D:5)
  Edmund (D:4)
  A sky beast (D:6)
  4 orc warriors
  2 black bears
  An ice beast (D:8)
  A necrophage (D:6)
  6 ogres
  A centaur (D:5)
  A big kobold (D:8)
  A gnoll sergeant (D:8)
  2 bullfrogs
  3 scorpions
  3 killer bees (D:8)
  3 wights (D:8)
  2 bullfrog zombies
  2 howler monkeys (D:7)
  2 crimson imps (D:6)
  A centaur zombie (D:8)
  3 orc priests
  3 hounds
  2 orc wizards
  A bullfrog skeleton (D:8)
  A centaur skeleton (D:6)
  Natasha (thrice) (D:3)
  An iguana (D:2)
  2 worker ants (D:5)
  A killer bee zombie (D:8)
  A worker ant zombie (D:5)
  8 gnolls
  16 adders
  3 shadow imps
  2 oozes
  An adder skeleton (D:8)
  7 worms
  A dart slug (D:3)
  4 leopard geckos
  35 orcs
  A ball python (D:5)
  8 giant cockroaches
  10 goblins
  7 hobgoblins
  10 jackals
  4 quokkas
  12 bats
  7 frilled lizards
  A jackal zombie (D:6)
  13 kobolds
  2 leopard gecko skeletons
  12 rats
  A spectral orc (D:2)
227 creatures vanquished.

Notes
Turn   | Place    | Note
-------+----------+-------------------------------------------
     0 | D:1      | Seraphin the Minotaur Fighter began the quest for the Orb.
     0 | D:1      | Reached XP level 1. HP: 19/19 MP: 0/0
   143 | D:1      | Reached XP level 2. HP: 26/27 MP: 1/1
   298 | D:1      | You fall into a shaft and drop 1 floor!
   298 | D:2      | Found a burning altar of Makhleb.
   350 | D:1      | Reached XP level 3. HP: 30/33 MP: 2/2
   389 | D:1      | Reached skill level 3 in Polearms
   691 | D:2      | Reached XP level 4. HP: 41/41 MP: 3/3
  1068 | D:2      | Found a hazy altar of Hepliaklqana.
  1188 | D:2      | Found a basalt altar of Yredelemnul.
  1232 | D:2      | Reached XP level 5. HP: 47/47 MP: 4/4
  2255 | D:3      | Found a runed translucent gate.
  2255 | D:3      | Found a runed translucent gate.
  2255 | D:3      | Found a runed translucent gate.
  2258 | D:3      | Noticed Setanta's ghost (amateur GrFi)
  2259 | D:3      | Identified the +5 chain mail "Sumem" {MR+ Str-3 Dex+3}
  2272 | D:3      | Found a roughly hewn altar of Beogh.
  2626 | D:3      | Killed Setanta's ghost
  2626 | D:3      | Reached XP level 6. HP: 45/56 MP: 5/5
  2694 | D:3      | Found a shadowy altar of Dithmenos.
  2695 | D:3      | Found a radiant altar of Vehumet.
  2695 | D:3      | Found an opulent altar of Gozag.
  2696 | D:3      | Noticed Natasha
  2701 | D:3      | Killed Natasha
  2713 | D:3      | Found an ornate altar of the Wu Jian Council.
  2773 | D:3      | Noticed Natasha
  2778 | D:3      | Killed Natasha
  2801 | D:3      | Noticed Natasha
  2805 | D:3      | Killed Natasha
  3056 | D:4      | Found a staircase to the Ecumenical Temple.
  3084 | Temple   | Entered the Ecumenical Temple
  3418 | D:4      | Reached XP level 7. HP: 61/62 MP: 6/6
  3435 | D:4      | Found an iron altar of Okawaru.
  3443 | D:4      | Became a worshipper of Warmaster Okawaru
  3480 | D:4      | Noticed Edmund
  3506 | D:4      | Killed Edmund
  3506 | D:4      | Reached skill level 6 in Fighting
  3506 | D:4      | Reached skill level 6 in Armour
  3506 | D:4      | Reached skill level 6 in Shields
  3506 | D:4      | Reached skill level 1 in Invocations
  4100 | D:5      | Entered Level 5 of the Dungeon
  4122 | D:5      | Noticed Menkaure
  4128 | D:5      | Lost intelligence.
  4138 | D:5      | Killed Menkaure
  4542 | D:5      | Found a glowing silver altar of Zin.
  4558 | D:5      | Noticed Grinder
  4561 | D:5      | Paralysed by Grinder for 3 turns
  4567 | D:5      | Paralysed by Grinder for 5 turns
  4572 | D:5      | Killed Grinder
  4572 | D:5      | Reached * piety under Okawaru
  4572 | D:5      | Reached skill level 6 in Polearms
  4572 | D:5      | Reached XP level 8. HP: 29/71 MP: 8/8
  5211 | D:6      | Found Telaphua's Antique Weapon Shoppe.
  5262 | D:6      | Reached skill level 3 in Invocations
  5281 | D:6      | Found Caulaeg's Jewellery Boutique.
  5366 | D:6      | Found a glowing golden altar of the Shining One.
  5709 | D:6      | Found Bicuif's General Store.
  5728 | D:6      | Found Qedajot's Magic Scroll Boutique.
  5809 | D:6      | Reached ** piety under Okawaru
  5828 | D:6      | Found an ancient bone altar of Kikubaaqudgha.
  6062 | D:7      | Reached XP level 9. HP: 78/78 MP: 10/10
  6306 | D:7      | Found a bloodstained altar of Trog.
  6398 | D:7      | Found an iron altar of Okawaru.
  6728 | D:8      | Noticed a two-headed ogre
  6735 | D:8      | Killed a two-headed ogre
  6735 | D:8      | Reached *** piety under Okawaru
  6886 | D:8      | Reached **** piety under Okawaru
  6886 | D:8      | Received a gift from Okawaru
  6960 | D:8      | Reached XP level 10. HP: 77/90 MP: 11/13
  7055 | D:8      | Reached skill level 9 in Fighting
  7093 | D:8      | Found a staircase to the Lair.
  7098 | D:8      | Reached skill level 9 in Shields
  7101 | D:8      | Reached skill level 9 in Armour
  7170 | D:8      | Found a flagged portal.
  7184 | Bailey   | Entered a bailey
  7747 | Bailey   | Noticed an orc knight
  7747 | Bailey   | Noticed an orc knight
  7758 | Bailey   | Slain by an orc knight

Levels and vault maps discovered:
D:1:      minmay_arrival_checkered_box, layout_basic
D:2:      layout_loops_ring, lemuel_crystal_altar,
          yredelemnul_forgotten_temple_becter, bloody_makhleb
D:3:      layout_basic, grunt_temple_overflow_cloverleaf,
          biasface_ghost_orc_armoury, chequers_big_river, serial_bayou_crossing,
          uniq_natasha
D:4:      layout_rooms, okawaru_metal_pillars_1_2, minmay_temple_entry_arrows,
          uniq_edmund
D:5:      layout_rooms, zin_academy, first_ration, uniq_menkaure, uniq_grinder
D:6:      layout_basic, kiku_gazebo_pond_becter, nicolae_tso_carved_into_rock,
          serial_shops, shop, nicolae_shop_behind_doors, shop_statue, shop
D:7:      layout_basic, kennysheep_mini_moat, basic_altar
D:8:      layout_cave_pods, lair_entry_dummy, enter_bailey_3, the_bakery,
          corexii_hall_statues_l
Temple:   jpeg_temple_island
Bailey:   bailey_polearm_1, bailey

Skill      XL: |  1  2  3  4  5  6  7  8  9 10 |
---------------+-------------------------------+-----
Fighting       | 4 5 6 7 8 9 |  9.2
Shields        | 4 5 6 7 8 9 |  9.1
Armour         | 4 5 6 7 8 9 |  9.1
Polearms       | 3 4 6 7 8 |  8.7
Invocations    | 2 3 5 |  5.8

Action                   |  1- 3 |  4- 6 |  7- 9 | 10-12 || total
-------------------------+-------+-------+-------+-------++-------
Melee: Trident           |    87 |   179 |       |    71 ||   337
       Headbutt          |    12 |    32 |    49 |     5 ||    98
       War axe           |       |    21 |   243 |    47 ||   311
Throw: Javelin           |       |       |       |     2 ||     2
Invok: Heroism           |       |       |       |     2 ||     2
  Use: Scroll            |     1 |     8 |     9 |       ||    18
       Potion            |       |     1 |     4 |       ||     5
 Stab: Invisible         |       |       |     3 |       ||     3
  Eat: Chunk             |       |     7 |     9 |     2 ||    18
       Ration            |       |       |     4 |       ||     4
Armor: Scale mail        |    34 |    32 |       |       ||    66
       Plate armour      |       |    28 |   178 |    52 ||   258
Dodge: Dodged            |    15 |    32 |    62 |    22 ||   131
       Deflected         |       |       |     1 |       ||     1
Block: Shield            |    36 |    81 |   158 |    88 ||   363
